 Seeded DCSS version 0.31-a0-876-gfe8ebadbca (webtiles) character file.

Game seed: 20231013 (custom seed)

6949 greenreed the Fighter (level 10, -1/145 HPs)
             Began as a Minotaur Berserker on Oct 13, 2023.
             Was a High Priest of Trog.
             Succumbed to a red devil's poison
             ... on level 9 of the Dungeon.
             The game lasted 00:19:47 (9074 turns).

greenreed the Fighter (Minotaur Berserker)          Turns: 9074, Time: 00:19:48

Health: -1/145     AC: 12    Str: 26    XL:     10   Next: 80%
Magic:  9/9        EV: 13    Int:  4    God:    Trog [*****.]
Gold:   1192       SH:  0    Dex: 10    Spells: 9/9 levels left

rFire   . . .        D - +0 morningstar
rCold   . . .        (no shield)
rNeg    . . .        m - +4 ring mail
rPois   .            (helmet restricted)
rElec   .            (no cloak)
rCorr   +            (no gloves)
SInv    .            f - +0 pair of boots
Will    ++...        (no amulet) Stlth
                     J - ring of resist corrosion
HPRegen 1.44/turn    (no ring)
MPRegen 0.11/turn

%: no passive effects
@: berserking (expiring), lethally poisoned (-1 -> -24), strong-willed, spiked,
regenerating, studying Invocations, very quick
A: horns 2, retaliatory headbutt
a: Renounce Religion, Berserk, Trog's Hand, Brothers in Arms


You were on level 9 of the Dungeon.
You worshipped Trog.
Trog was extremely pleased with you.
You visited 2 branches of the dungeon, and saw 10 of its levels.
You also visited: Sewer and Bailey.

You collected 1192 gold pieces.

Inventory:

Hand Weapons
 a - a +0 mace
 r - the +1 sling of Memmemn {speed, rF+ Will+ Int+2}
   (You found it on level 4 of the Dungeon)

   Int+2:     It affects your intelligence (+2).
   rF+:       It protects you from fire.
   Will+:     It increases your willpower.
 D - a +0 morningstar (weapon)
Missiles
 n - 6 atropa-tipped darts
 o - 9 curare-tipped darts
 E - 3 throwing nets
 G - 4 datura-tipped darts
Armour
 f - a +0 pair of boots (worn)
 m - a +4 ring mail (worn)
Jewellery
 A - a ring of fire
 B - a ring of fire
 H - a +6 ring of dexterity
 J - a ring of resist corrosion (left hand)
Wands
 q - a wand of acid (3)
 x - a wand of iceblast (17)
 M - a wand of mindburst (8)
Scrolls
 b - 2 scrolls of fog {unknown}
 c - 6 scrolls of teleportation {unknown}
 e - a scroll of poison {unknown}
 g - 5 scrolls of identify {unknown}
 i - 2 scrolls of revelation {unknown}
 j - 3 scrolls of immolation {unknown}
 p - 3 scrolls of enchant armour {unknown}
 y - 2 scrolls of acquirement {unknown}
 F - a scroll of fear {unknown}
 K - 2 scrolls of enchant weapon {unknown}
 L - a scroll of amnesia {unknown}
Potions
 d - a potion of berserk rage {unknown}
 h - 2 potions of curing {unknown}
 k - a potion of haste {unknown}
 l - 2 potions of brilliance {unknown}
 s - a potion of ambrosia {unknown}
 t - 2 potions of attraction {unknown}
 u - 2 potions of enlightenment {unknown}
 v - 4 potions of degeneration {unknown}
 w - 2 potions of might {unknown}
 z - 3 potions of heal wounds {unknown}
 C - a potion of magic {unknown}
 I - 2 potions of resistance {unknown}


   Skills:
 * Level 12.1 Fighting
 * Level 12.1 Maces & Flails
 + Level 8.3 Armour
 + Level 7.6 Dodging


You had 9 spell levels left.
You didn't know any spells.
Your spell library was empty.

Dungeon Overview and Level Annotations

Branches:
Dungeon (9/15)             Temple (1/1) D:4            Lair (0/5) D:8
  Sewer (visited)          Bailey (visited)
    Orc: D:9-12

Altars:
Ashenzari
Cheibriados
Dithmenos
Elyvilon
Fedhas
Gozag
Hepliaklqana
Kikubaaqudgha
Makhleb
Nemelex Xobeh
Okawaru
Qazlal
Ru
Sif Muna
Trog
Vehumet
Wu Jian
Xom
Yredelemnul
Zin
The Shining One

Shops:
D:9 [


Innate Abilities, Weirdness & Mutations

You have a pair of horns on your head.
You reflexively headbutt those who attack you in melee.


Message History

You feel strong-willed.
You feel extremely sick. The orc priest closely misses you.
The red devil misses you.
Your troll goes berserk!
You feel very sick. The orc priest hits you with a +0 club.
* * * LOW HITPOINT WARNING * * *
The red devil barely misses you.
A red film seems to cover your vision as you go berserk!
You feel yourself moving faster!
You feel mighty!
You feel very sick.
The orc priest hits you but does no damage.
The red devil hits you from afar with a +2 demon trident of venom!
* * * LOW HITPOINT WARNING * * *
Barbed spikes become lodged in your body.
You are more poisoned.
You bludgeon the orc priest!!
You kill the orc priest!
Trog accepts your kill.
* * * LOW HITPOINT WARNING * * *
You feel very sick. What are your orders? t - Shout!
Anything else - Cancel.
Okay, then.
Unknown command.
You feel very sick.
The red devil hits you from afar with a +2 demon trident of venom!
* * * LOW HITPOINT WARNING * * *
Barbed spikes become lodged in your body.
You are more poisoned.
Your troll completely misses the red devil.
Your troll barely misses the red devil.
Your troll misses the red devil.
You are too berserk!
You feel a strong urge to attack something.
* * * LOW HITPOINT WARNING * * *
You feel very sick.
Your troll bites the red devil!
Your troll claws the red devil! x2
The red devil dies!
Trog accepts your kill.
You die...

.#
#.##...#.......#.......####.
.#
#.##...####....+............
.# #.##...#
#....#.......####. .#
#.##...####........~...+....
##
#.##.....<#........~~..####.
#
#.#.................≈..####.
#
#.#.......................#.
#
#.#.........)....÷....###...
#.#........@#+#.÷....##.##..
#.#########T###)##..##.^.##.
#...........)...#..##^._.^##
###############)..##...^...#
.........##.^......^
..######.#...#####..
###.##.'#.#.#'.
#....###..#..##
#...o....###...


You could see a friendly troll (summoned, berserk).

Vanquished Creatures
  Pikel (D:7)
  A rust devil (D:9)
  2 kobold demonologists (D:9)
  A troll (D:6)
  3 yaks (D:6)
  2 steam dragons
  An acid dragon (D:9)
  A water moccasin (D:5)
  Duvessa (D:5)
  Pargi (Sewer)
  A black bear (D:5)
  6 orc warriors
  3 ice beasts (D:5)
  A sky beast (D:6)
  A centaur (D:9)
  2 ogres
  10 kobold brigands
  3 lemures (D:7)
  A phantom (D:5)
  4 bullfrogs
  4 scorpions
  Dowan (D:5)
  4 howler monkeys
  3 jellies
  2 gnoll boudas
  4 hounds
  9 orc priests
  2 sleepcaps
  Natasha (thrice) (D:3)
  6 iguanas
  7 orc wizards
  13 gnolls
  9 adders
  A shadow imp (D:5)
  A white imp (D:7)
  3 worms
  4 dart slugs
  45 orcs
  3 bats
  11 endoplasms
  12 giant cockroaches
  6 goblins
  6 hobgoblins
  8 jackals (D:1)
  8 quokkas
  7 ball pythons
  3 frilled lizards (D:2)
  23 kobolds
  7 rats
261 creatures vanquished.

Vanquished Creatures (collateral kills)
  A red devil (D:9)
1 creature vanquished.

Vanquished Creatures (others)
  An orc (D:8)
1 creature vanquished.

Grand Total: 263 creatures vanquished

Notes
Turn   | Place    | Note
-------+----------+-------------------------------------------
     0 | D:1      | greenreed the Minotaur Berserker began the quest for the
                  | Orb.
     0 | D:1      | Reached XP level 1. HP: 19/19 MP: 0/0
     1 | D:1      | Found a runed translucent door.
     2 | D:1      | Noticed a jelly
    84 | D:1      | Found a faded altar of an unknown god.
    94 | D:1      | Reached XP level 2. HP: 23/27 MP: 1/1
   669 | D:2      | Reached ** piety under Trog
   713 | D:2      | Reached XP level 3. HP: 30/33 MP: 2/2
  1406 | D:3      | Found an ancient bone altar of Kikubaaqudgha.
  1473 | D:3      | Reached XP level 4. HP: 37/41 MP: 3/3
  1931 | D:4      | Noticed Natasha
  1931 | D:4      | Noticed a kobold brigand
  1939 | D:3      | Killed Natasha
  1978 | D:3      | Noticed Natasha
  1986 | D:3      | Killed Natasha
  1987 | D:3      | Reached XP level 5. HP: 47/47 MP: 4/4
  2051 | D:3      | Noticed Natasha
  2055 | D:3      | Killed Natasha
  2056 | D:3      | Reached skill level 5 in Fighting
  2056 | D:3      | Reached skill level 5 in Maces & Flails
  2324 | D:4      | Reached XP level 6. HP: 28/56 MP: 5/5
  2429 | D:4      | Reached *** piety under Trog
  2637 | D:4      | Found a snail-covered altar of Cheibriados.
  2838 | D:4      | Identified the +1 sling of Memmemn {speed, rF+ Will+ Int+2}
  2848 | D:4      | Found a staircase to the Ecumenical Temple.
  2931 | Temple   | Entered the Ecumenical Temple
  3163 | D:5      | Entered Level 5 of the Dungeon
  3203 | D:5      | Reached XP level 7. HP: 48/64 MP: 6/6
  3314 | D:5      | Found a glowing drain.
  3334 | Sewer    | Entered a sewer
  3407 | Sewer    | Noticed Pargi
  3417 | Sewer    | Killed Pargi
  3944 | D:5      | Reached **** piety under Trog
  4046 | D:5      | Noticed Duvessa
  4046 | D:5      | Noticed Dowan
  4063 | D:5      | Killed Duvessa
  4064 | D:5      | Reached skill level 5 in Armour
  4064 | D:5      | Reached XP level 8. HP: 44/74 MP: 7/7
  4079 | D:5      | Killed Dowan
  4260 | D:5      | Reached skill level 5 in Dodging
  4731 | D:6      | Noticed a troll
  5021 | D:5      | Reached XP level 9. HP: 66/83 MP: 8/8
  5201 | D:6      | Killed a troll
  5436 | D:6      | Reached skill level 10 in Fighting
  5620 | D:6      | Reached skill level 10 in Maces & Flails
  5675 | D:6      | Found an ornate altar of the Wu Jian Council.
  5675 | D:6      | Found a glowing silver altar of Zin.
  6332 | D:7      | Reached ***** piety under Trog
  6484 | D:7      | Found a flagged portal.
  6493 | Bailey   | Entered a bailey
  6854 | Bailey   | Reached XP level 10. HP: 69/94 MP: 9/9
  7039 | Bailey   | Found a bloodstained altar of Trog.
  7280 | D:7      | Noticed Pikel
  7343 | D:7      | Killed Pikel
  7791 | D:8      | Found a staircase to the Lair.
  7796 | D:8      | Found a shadowy altar of Dithmenos.
  8122 | D:8      | Found a shimmering blue altar of Sif Muna.
  8456 | D:9      | Noticed a sixfirhy
  8660 | D:9      | Found Ocri's Armour Shop.
  8923 | D:9      | Noticed a rust devil
  8931 | D:9      | Killed a rust devil
  9004 | D:9      | Found a sparkling altar of Nemelex Xobeh.
  9034 | D:9      | Noticed a smoke demon
  9073 | D:9      | HP: 3/145 [poisoned by a red devil]
  9074 | D:9      | Succumbed to a red devil's poison

Illustrated notes

Levels and vault maps discovered:
D:1:      dpeg_arrival_caged_fury, layout_loops_cross,
          ebering_ecumenical_altar_rust
D:2:      layout_basic, minmay_crystal_room
D:3:      layout_rooms, lemuel_round_altar
D:4:      layout_rooms, mainiacjoe_overflow_concentric_impassable,
          minmay_temple_entry_nine_rooms, uniq_natasha
D:5:      minmay_polygon_palace, layout_basic, gup_sewer_entry_pipe,
          uniq_duvessa
D:6:      layout_basic, gammafunk_temple_overflow_wave
D:7:      layout_gridville, enter_bailey_6, uniq_pikel
D:8:      layout_loops_ring, lemuel_blue_sif_altar,
          nicolae_dithmenos_shadow_blocks, lair_entry_dummy
D:9:      layout_basic, nemelex_spade_bored_becter, serial_shops, shop,
          nicolae_where_there's_smoke
Temple:   dpeg_chambers_temple

Skill      XL: |  1  2  3  4  5  6  7  8  9 10 |
---------------+-------------------------------+-----
Fighting       | 4 5 6 7 9 10 12 | 12.1
Maces & Flails | 4 5 6 7 8 10 12 | 12.1
Armour         | 3 4 5 6 7 8 |  8.3
Dodging        | 3 4 5 6 7 |  7.6

Action                     |  1- 3 |  4- 6 |  7- 9 | 10-12 || total
---------------------------+-------+-------+-------+-------++-------
  Melee: Mace              |    92 |   118 |   298 |       ||   508
         Headbutt          |    18 |    16 |    62 |    21 ||   117
         Punch             |     1 |     1 |     4 |       ||     6
         Morningstar       |       |       |    86 |   116 ||   202
 Invoke: Berserk           |       |     3 |     5 |     4 ||    12
         Trog's Hand       |       |     1 |     1 |     1 ||     3
         Brothers in Arms  |       |       |       |     1 ||     1
 Armour: Animal skin       |    44 |    10 |       |       ||    54
         Ring mail         |       |    70 |   284 |    91 ||   445
  Dodge: Dodged            |    53 |    80 |   232 |    99 ||   464

Table legend: (Time is in decaauts)
 A = Elapsed time spent in this place.
 B = Non-inter-level travel time spent in this place.
 C = Inter-level travel time spent in this place.
 D = Time resting spent in this place.
 E = Time spent auto-exploring this place.
 F = Levels seen in this place.
 G = Mean time per level.
                   A        B        C        D        E       F      G
               +--------+--------+--------+--------+--------+-----+--------+
         Total |   9237 |   8705 |    532 |    647 |   6202 |  12 |  769.8 |
       Dungeon |   8381 |   7849 |    532 |    352 |   5851 |   9 |  931.2 |
        Temple |      4 |      4 |      0 |      0 |      0 |   1 |    4.0 |
         Sewer |    219 |    219 |      0 |      0 |    177 |   1 |  219.0 |
        Bailey |    631 |    631 |      0 |    295 |    174 |   1 |  631.0 |
               +--------+--------+--------+--------+--------+-----+--------+

Top non-repeatable levels by time:
     D:6: 1488 daAuts
     D:5: 1408 daAuts
     D:4: 903 daAuts
     D:7: 848 daAuts
     D:3: 832 daAuts
     D:1: 829 daAuts
     D:8: 744 daAuts
     D:2: 686 daAuts
     D:9: 639 daAuts
  Bailey: 631 daAuts
   Sewer: 219 daAuts
  Temple: 4 daAuts
